 Dungeon Crawl Stone Soup version 0.24.0-29-g8ce449bc06 (webtiles) character file.

Game seed: 11880236964773722300, levelgen mode: deterministic

7693 PentaManta the Spry (level 11, -22/99 HPs)
             Began as a Merfolk Chaos Knight on Nov 14, 2019.
             Was a Plaything of Xom.
             Annihilated by a two-headed ogre
             ... wielding a +0 giant spiked club
              (25 damage)
             ... on level 9 of the Dungeon.
             The game lasted 00:28:03 (7453 turns).

PentaManta the Spry (Merfolk Chaos Knight)          Turns: 7453, Time: 00:28:04

Health: -22/99     AC:  2    Str: 12    XL:     11   Next: 19%
Magic:  11/11      EV: 27    Int: 13    God:    Xom [...*..]
Gold:   623        SH:  0    Dex: 20    Spells: 10/10 levels left

rFire    + . .     SeeInvis .   a - +0 spear (chaos)
rCold    . . .     Gourm    .   (no shield)
rNeg     . . .     Faith    .   (no armour)
rPois    .         Spirit   .   (no helmet)
rElec    .         Reflect  .   (no cloak)
rCorr    .         Harm     .   (no gloves)
MR       +....                  (no boots)
Stlth    ++........             q - amulet of the acrobat
HPRegen  0.26/turn              p - +5 ring of slaying
MPRegen  0.12/turn              v - +2 ring of evasion

@: no status effects
A: change form in water, swift swim, stealthy swim, fangs 1, yellow scales 1,
agile 1, clever 1, deterioration 1, fire resistance 1, magic resistance 1,
robust 1
a: Renounce Religion


You were on level 9 of the Dungeon.
You worshipped Xom.
You were a favourite toy of Xom.
You were not hungry.

You visited 2 branches of the dungeon, and saw 11 of its levels.

You collected 623 gold pieces.

Inventory:

Hand Weapons
 a - a +0 spear of chaos (weapon)
 E - a +2 spear of piercing
 H - the +0 mace "Kemomu" {crush, *Corrode rElec rPois MR+++, unknown}
   (You found it on level 9 of the Dungeon)

   It inflicts extra damage upon your enemies.
   It insulates you from electricity.
   It protects you from poison.
   It affects your resistance to hostile enchantments.
   It may corrode you when you take damage.
Missiles
 w - 5 throwing nets (quivered)
 x - 7 curare-tipped darts
Armour
 m - a +0 helmet
 o - a +0 pair of gloves
 u - a +3 ring mail
Jewellery
 p - a +5 ring of slaying (left hand)
 q - an amulet of the acrobat (around neck)
 t - an uncursed ring of protection from magic
 v - a +2 ring of evasion (right hand)
 G - an uncursed ring of protection from magic
Wands
 A - a wand of flame (20)
 C - a wand of disintegration (10)
Scrolls
 b - a scroll of enchant armour
 i - 3 scrolls of remove curse
 k - 7 scrolls of teleportation
Potions
 e - 3 potions of flight
 f - 5 potions of cancellation
 g - a potion of agility
 h - 3 potions of lignification
 j - 2 potions of haste
 l - a potion of degeneration {unknown}
 n - a potion of might {unknown}
 r - 2 potions of mutation {unknown}
 s - a potion of berserk rage
 z - 2 potions of heal wounds {unknown}
 F - a potion of ambrosia {unknown}
Miscellaneous
 I - a box of beasts
Comestibles
 c - 16 rations


   Skills:
 + Level 9.9 Fighting
 - Level 12.4 Polearms
 - Level 0.6 Armour
 * Level 15.0 Dodging


You had 10 spell levels left.
You didn't know any spells.
Your spell library was empty.

Dungeon Overview and Level Annotations

Branches:
Dungeon (10/15)            Temple (1/1) D:5            Lair (0/6) D:8
    Orc (0/2) D:10

Altars:
Ashenzari
Cheibriados
Elyvilon
Fedhas
Hepliaklqana
Makhleb
Nemelex Xobeh
Qazlal
Sif Muna
Trog
Uskayaw
Vehumet
Wu Jian
Yredelemnul
Lugonu

Shops:
D:7 *

Annotations:
D:7 3 runed translucent doors, Delamore's ghost, novice HOFi; bepis228's ghost, novice MiHu
D:8 Prince Ribbit


Innate Abilities, Weirdness & Mutations

You revert to your normal form in water.
You are very nimble and swift while swimming.
You are very stealthy in the water. (Stealth+)
You have very sharp teeth.
You are partially covered in yellow scales. (AC +2)
You are agile. (Dex +2)
Your mind is acute. (Int +2)
Your body sometimes deteriorates upon taking damage.
Your flesh is heat resistant. (rF+)
You are resistant to hostile enchantments. (MR+)
You are robust. (+10% HP)


Message History

Your quasit bites the two-headed ogre.
Your quasit claws the two-headed ogre but does no damage.
Your quasit closely misses the two-headed ogre.
Your white imp hits the two-headed ogre.
Your white imp freezes the two-headed ogre.
Your quasit bites the two-headed ogre.
Your quasit claws the two-headed ogre but does no damage.
Your quasit barely misses the two-headed ogre.
Your quasit bites the two-headed ogre.
Your quasit claws the two-headed ogre.
Your quasit completely misses the two-headed ogre.
The two-headed ogre completely misses you. x2
Your white imp hits the two-headed ogre but does no damage.
Your quasit bites the two-headed ogre but does no damage.
Your quasit claws the two-headed ogre.
Your quasit claws the two-headed ogre but does no damage.
Your quasit bites the two-headed ogre.
Your quasit claws the two-headed ogre but does no damage. x2
The two-headed ogre hits you with a +0 giant spiked club!!
You die...
Xom laughs nastily!

.....#######.......#######..#
###..#.[#[.#..###..#.=#..#..#
.#.(....#......#...)..#)....#
.#((#..###..#.O#..#..###....#
#####...c...# ####.....)...#
.# #.......# #..#.......#.#
.#.....###.....#......####..#
###..... ..)..###5...## .##
.....#..#..#...O@5..## .#
.....#######..5555.## .#
.....# #....#### ......
......## #..... #..... #....
...... #... ...#. ##...


You could see a two-headed ogre, a friendly iron imp, 2 friendly quasits, 2
friendly white imps and a friendly shadow imp.

Vanquished Creatures
  Harold (D:9)
  A centaur warrior (D:9)
  A two-headed ogre (D:9)
  Pikel (D:5)
  A troll (D:9)
  A vampire (D:9)
  A shadow (D:9)
  3 wyverns
  A hungry ghost (D:8)
  A sky beast (D:9)
  2 ice beasts
  4 orc warriors
  A slave (D:5)
  A phantom (D:4)
  3 centaurs
  6 ogres
  2 big kobolds
  6 bullfrogs
  A water moccasin skeleton (D:7)
  2 scorpions
  4 howler monkeys
  A centaur zombie (D:7)
  2 crimson imps
  2 quasits
  3 jellies
  3 hounds
  9 orc wizards
  5 orc priests
  An iguana (D:5)
  7 worker ants
  A statue (D:7)
  A hound zombie (D:7)
  3 hound skeletons
  A worker ant zombie (D:7)
  13 adders
  17 gnolls
  A shadow imp (D:6)
  4 adder skeletons
  2 dart slugs
  7 leopard geckos
  32 orcs
  A ball python (D:4)
  5 bats
  3 giant cockroaches
  16 goblins
  6 hobgoblins
  9 jackals
  13 kobolds
  7 quokkas
  5 frilled lizards
  2 leopard gecko zombies
  11 rats
237 creatures vanquished.

Vanquished Creatures (collateral kills)
  A hippogriff (D:7)
  An orc warrior (D:9)
  An ice beast (D:9)
  A black bear (D:9)
  An orc wizard (D:9)
  2 hounds (D:9)
  Robin (D:2)
  An orc (D:7)
  2 hobgoblins
11 creatures vanquished.

Vanquished Creatures (others)
  5 withered plants (D:7)
5 creatures vanquished.

Grand Total: 253 creatures vanquished

Notes
Turn   | Place    | Note
-------+----------+-------------------------------------------
     0 | D:1      | PentaManta the Merfolk Chaos Knight began the quest for the
                  | Orb.
     0 | D:1      | Reached XP level 1. HP: 18/18 MP: 1/1
   121 | D:1      | Reached skill level 3 in Dodging
   125 | D:1      | Reached XP level 2. HP: 17/24 MP: 2/2
   308 | D:1      | You fall into a shaft and drop 1 floor!
   310 | D:2      | Reached XP level 3. HP: 28/29 MP: 3/3
   327 | D:2      | Found a blossoming altar of Fedhas.
   348 | D:1      | XOM: harmless Erth miscast
   369 | D:1      | XOM: mild Ice miscast
   692 | D:2      | XOM: harmless Tloc miscast
   701 | D:2      | Reached skill level 4 in Dodging
   704 | D:2      | Reached skill level 5 in Polearms
   810 | D:2      | Reached XP level 4. HP: 31/37 MP: 4/4
   818 | D:2      | XOM: summons friendly white imp
   885 | D:2      | XOM: 1-stop teleportation journey
   891 | D:2      | XOM: harmless Chrm miscast
   900 | D:2      | Noticed Robin
   908 | D:2      | XOM: potion effect (brilliance)
   922 | D:2      | XOM: smoke on damage
   932 | D:2      | XOM: enchant monster (bad)
   937 | D:2      | Reached skill level 5 in Dodging
   954 | D:2      | Killed Robin
   954 | D:2      | Reached XP level 5. HP: 13/42 MP: 5/5
  1168 | D:2      | XOM: mild Erth miscast
  1227 | D:2      | Found a burning altar of Makhleb.
  1296 | D:2      | Found a shimmering blue altar of Sif Muna.
  1373 | D:2      | XOM: give mutation
  1373 | D:2      | Gained mutation: Your body sometimes deteriorates upon
                  | taking damage. [Xom's mischief]
  1413 | D:2      | XOM: summons 2 hostile demons
  1694 | D:3      | XOM: mild Necr miscast
  1761 | D:3      | XOM: 4-stop teleportation journey
  1793 | D:3      | XOM: mild Pois miscast
  1942 | D:3      | XOM: mild Erth miscast
  2100 | D:3      | Found a basalt altar of Yredelemnul.
  2102 | D:3      | Found an ornate altar of the Wu Jian Council.
  2246 | D:4      | XOM: 3-stop teleportation journey
  2498 | D:4      | XOM: draining
  2554 | D:4      | Reached skill level 6 in Dodging
  2554 | D:4      | Reached XP level 6. HP: 45/49 MP: 6/6
  2564 | D:4      | XOM: confuse monster(s)
  2741 | D:4      | Found a stormy altar of Qazlal.
  2741 | D:4      | Found a hide-covered altar of Uskayaw.
  2753 | D:4      | Reached skill level 5 in Fighting
  2766 | D:4      | Reached skill level 7 in Dodging
  2766 | D:4      | Reached XP level 7. HP: 26/56 MP: 7/7
  3071 | D:4      | XOM: divination: detect creatures
  3215 | D:5      | Entered Level 5 of the Dungeon
  3217 | D:5      | Found a snail-covered altar of Cheibriados.
  3286 | D:5      | Noticed Pikel
  3293 | D:5      | XOM: potion effect (agility)
  3308 | D:5      | Killed Pikel
  3308 | D:5      | Reached skill level 9 in Dodging
  3308 | D:5      | Reached XP level 8. HP: 57/64 MP: 8/8
  3320 | D:5      | Found a hazy altar of Hepliaklqana.
  3382 | D:5      | Found a staircase to the Ecumenical Temple.
  3392 | Temple   | Entered the Ecumenical Temple
  3893 | D:6      | XOM: confuse monster(s)
  3939 | D:6      | XOM: summons friendly shadow imp
  3950 | D:6      | Reached skill level 10 in Dodging
  4069 | D:5      | XOM: give mutations
  4069 | D:5      | Gained mutation: You are agile. (Dex +2) [Xom's grace]
  4069 | D:5      | Gained mutation: You have very sharp teeth. [Xom's grace]
  4069 | D:5      | Gained mutation: Your flesh is heat resistant. (rF+) [Xom's
                  | grace]
  4460 | D:6      | XOM: enchant monster (bad)
  4469 | D:6      | Reached XP level 9. HP: 71/71 MP: 9/9
  4582 | D:6      | XOM: noise
  4742 | D:7      | XOM: noise
  4771 | D:7      | Reached skill level 11 in Dodging
  4774 | D:7      | XOM: enchant monster (good)
  4809 | D:7      | Found Lexol's Assorted Antiques.
  5055 | D:7      | Reached skill level 10 in Polearms
  5080 | D:7      | XOM: mild Conj miscast
  5081 | D:7      | Found a runed translucent gate.
  5082 | D:7      | Found a runed translucent gate.
  5083 | D:7      | Found a runed translucent gate.
  5084 | D:7      | Noticed bepis228's ghost (novice MiHu)
  5084 | D:7      | Noticed Delamore's ghost (novice HOFi)
  5177 | D:7      | Found a radiant altar of Vehumet.
  5279 | D:7      | Reached skill level 12 in Dodging
  5280 | D:7      | XOM: blink monster(s)
  5317 | D:7      | XOM: harmless Tmut miscast
  5612 | D:7      | Found a white marble altar of Elyvilon.
  5674 | D:7      | XOM: harmless Conj miscast
  5711 | D:7      | XOM: give mutation
  5711 | D:7      | Gained mutation: You are robust. (+10% HP) [Xom's grace]
  5966 | D:8      | XOM: noise
  6060 | D:8      | Found a staircase to the Lair.
  6127 | D:8      | XOM: cleaving
  6137 | D:8      | Reached XP level 10. HP: 87/88 MP: 10/10
  6219 | D:8      | Reached skill level 13 in Dodging
  6275 | D:8      | XOM: give mutations
  6275 | D:8      | Gained mutation: Your mind is acute. (Int +2) [Xom's grace]
  6275 | D:8      | Gained mutation: You are partially covered in yellow
                  | scales. (AC +2) [Xom's grace]
  6275 | D:8      | Gained mutation: You are resistant to hostile enchantments.
                  | (MR+) [Xom's grace]
  6398 | D:8      | Noticed Prince Ribbit
  6444 | D:8      | Found a shattered altar of Ashenzari.
  6455 | D:8      | XOM: god gift: 55 gold pieces
  6590 | D:9      | XOM: fog
  6602 | D:9      | Noticed Harold
  6603 | D:9      | XOM: divination: detect creatures
  6628 | D:9      | XOM: potion effect (curing)
  6632 | D:9      | Killed Harold
  6635 | D:9      | XOM: mild Tloc miscast
  6635 | D:9      | Found a bloodstained altar of Trog.
  6641 | D:9      | XOM: summons friendly shadow imp
  6655 | D:9      | XOM: summons 2 friendly demons
  6729 | D:9      | You fall into a shaft and drop 1 floor!
  6729 | D:10     | Entered Level 10 of the Dungeon
  6730 | D:10     | Found a staircase to the Orcish Mines.
  6734 | D:10     | XOM: repel stairs
  6750 | D:10     | XOM: cast spell 'Olgreb's Toxic Radiance'
  6764 | D:10     | XOM: confuse monster(s)
  6773 | D:10     | Reached skill level 14 in Dodging
  7030 | D:9      | XOM: noise
  7051 | D:9      | XOM: mild Ice miscast
  7052 | D:9      | XOM: harmless Hex miscast
  7060 | D:9      | XOM: noise
  7177 | D:9      | XOM: potion effect (might)
  7220 | D:9      | XOM: cast spell 'Death Channel'
  7232 | D:9      | Got an ancient mace
  7236 | D:9      | Noticed a centaur warrior
  7236 | D:9      | Noticed a two-headed ogre
  7237 | D:9      | Noticed a cyclops
  7246 | D:9      | Killed a two-headed ogre
  7246 | D:9      | Reached XP level 11. HP: 35/99 MP: 11/11
  7258 | D:9      | XOM: smoke on damage
  7259 | D:9      | XOM: divination: detect creatures
  7267 | D:9      | Noticed a two-headed ogre
  7285 | D:9      | Killed a centaur warrior
  7285 | D:9      | Reached skill level 15 in Dodging
  7365 | D:9      | Noticed a glowing shapeshifter
  7365 | D:9      | an ice beast changed into a glowing shapeshifter
  7365 | D:9      | XOM: polymorph ice beast -> glowing shapeshifter
  7365 | D:9      | a glowing shapeshifter changed into a slime creature
  7371 | D:9      | Noticed a wolf spider
  7371 | D:9      | a slime creature changed into a wolf spider
  7374 | D:9      | Noticed an anaconda
  7374 | D:9      | a wolf spider changed into an anaconda
  7375 | D:9      | XOM: 1-stop teleportation journey
  7439 | D:9      | XOM: 2-stop teleportation journey
  7450 | D:9      | XOM: summons 6 friendly demons
  7451 | D:9      | HP: 3/99 [two-headed ogre/+0 giant spiked club (22)]
  7453 | D:9      | Annihilated by a two-headed ogre

Levels and vault maps discovered:
D:1:      lightli_arrival_statuegarden, layout_basic, minmay_misc_feat_square,
          minmay_unequal
D:2:      layout_loops_ring, lightli_temple_of_fire, led_sif_pool,
          fedhas_ov_isle_minmay, uniq_robin
D:3:      layout_loops_ring, chequers_temple_overflow_statue_of_worship,
          first_ration
D:4:      layout_gridville, gammafunk_temple_overflow_wave
D:5:      layout_loops_cross, lemuel_doored_altar, kennysheep_slug_shrine,
          temple_green, uniq_pikel
D:6:      layout_basic
D:7:      layout_layer_cave, vehumet_statue, elyvilon_altar_3,
          gammafunk_ghost_cemetery, serial_shops, shop
D:8:      layout_rooms, lemuel_round_altar, lair_entry_dummy, grunt_pizzeria,
          chequers_garden, uniq_prince_ribbit1
D:9:      hangedman_cross_cluster, layout_basic, trog_ov_bears_minmay,
          zin_treasury, grunt_ministairs_1, kennysheep_generic_room_9,
          uniq_harold
D:10:     layout_loops_ring, kennysheep_orc_monster_closet_entryway,
          gammafunk_ghost_hive, minmay_stone_trees_small, uniq_snorg
Temple:   kb_corrupted_temple

Skill      XL: |  1  2  3  4  5  6  7  8  9 10 11 |
---------------+----------------------------------+-----
Dodging        | 3 4 5 6 7 9 10 12 14 15 | 15.0
Polearms       | 5 6 8 9 10 12 | 12.4
Fighting       | 4 5 6 8 9 |  9.9
Armour         | |  0.6

Action                   |  1- 3 |  4- 6 |  7- 9 | 10-12 || total
-------------------------+-------+-------+-------+-------++-------
Melee: Spear             |    97 |   227 |   416 |   233 ||   973
       Bite              |       |       |    33 |    30 ||    63
Throw: Throwing net      |       |       |       |     3 ||     3
Evoke: Wand              |       |       |     1 |       ||     1
  Use: Scroll            |       |     8 |     8 |     4 ||    20
       Potion            |       |       |       |     2 ||     2
 Stab: Sleeping          |     2 |     1 |     2 |       ||     5
       Paralysed         |       |     7 |     1 |     2 ||    10
       Petrified         |       |    12 |       |     7 ||    19
       Petrifying        |       |     2 |       |     4 ||     6
       Confused          |       |     4 |       |     2 ||     6
       Held in net/web   |       |       |       |     5 ||     5
       Distracted        |       |       |       |     1 ||     1
  Eat: Chunk             |       |     5 |     9 |     2 ||    16
       Ration            |       |       |     1 |     1 ||     2
Armor: Leather armour    |    16 |    46 |    18 |       ||    80
       Ring mail         |       |       |    39 |    67 ||   106
       Skin              |       |       |       |     1 ||     1
Dodge: Dodged            |    38 |   129 |   217 |   267 ||   651
